 Dungeon Crawl Stone Soup version 0.18.1-50-g88ac8fd (webtiles) character file.

4287 magog001 the Fighter (level 10, -13/107 HPs)
             Began as an Ogre Hunter on Feb 26, 2017.
             Mangled by magog001's ghost (15 damage)
             ... on level 8 of the Dungeon.
             The game lasted 01:01:38 (9102 turns).

magog001 the Fighter (Ogre Hunter)                  Turns: 9102, Time: 01:01:39

Health: -13/107    AC:  5    Str: 22    XL:     10   Next: 32%
Magic:  10/10      EV: 14    Int: 12    God:
Gold:   74         SH:  0    Dex: 15    Spells: 0 memorised, 9 levels left

rFire  . . .     SeeInvis .     h - +7 flail "Tuthral" {drain, *Contam rElec rC+}
rCold  + + .     Gourm    .     l - +0 robe
rNeg   . . .     Faith    .     (no shield)
rPois  .         Spirit   .     s - +1 hat
rElec  +         Dismiss  .     (no cloak)
rCorr  .         Reflect  .     (gloves unavailable)
SustAt .         Harm     .     (boots unavailable)
MR     ++...                    (no amulet)
Stlth  ++........               w - +3 ring of dexterity
                                z - ring of protection from cold

@: very slightly contaminated, hasted, very quick, very resistant to hostile
enchantments, unstealthy
A: unfitting armour, thin metallic scales 1, agile 1, clever 1, deformed body,
magic resistance 1, regeneration 2, tough skin 1
a: no special abilities


You were on level 8 of the Dungeon.
You were not hungry.

You visited 1 branch of the dungeon, and saw 8 of its levels.

You collected 326 gold pieces.
You spent 252 gold pieces at shops.

Inventory:

Hand Weapons
 a - a +4 hand crossbow
 h - the +7 flail "Tuthral" (weapon) {drain, *Contam rElec rC+}
   (You found it on level 6 of the Dungeon)

   A truly terrible weapon, it drains the life of those it strikes.
   It protects you from cold.
   It insulates you from electricity.
   It causes magical contamination when unequipped.
 k - a +2 dagger of draining
Missiles
 i - 27 poisoned needles
 j - 12 tomahawks (quivered)
 G - 14 bolts
Armour
 l - a +0 robe (worn)
 s - a +1 hat (worn)
Jewellery
 w - a +3 ring of dexterity (right hand)
 z - a ring of protection from cold (left hand)
 F - an uncursed ring of magical power {unknown}
Wands
 d - a wand of hasting (4/9)
 u - a wand of flame (27/48)
 y - a wand of confusion (39/48)
 B - a wand of acid (9/15)
 P - a wand of confusion (21/48)
Scrolls
 b - 2 scrolls of remove curse
 e - a scroll of identify
 m - 6 scrolls of teleportation
 r - a scroll of amnesia
 E - a scroll of fear
 H - 2 scrolls of magic mapping
 J - a scroll of holy word {unknown}
 N - a scroll of fog {unknown}
 O - a scroll of enchant armour {unknown}
Potions
 c - a potion of agility
 g - a potion of cure mutation {unknown}
 n - a potion of lignification
 t - a potion of might {unknown}
 x - a potion of cancellation {unknown}
 C - a potion of magic
 D - a potion of invisibility
 I - a potion of resistance
Comestibles
 f - 8 bread rations
 p - 4 meat rations
 q - 6 fruits
 A - 11 chunks of flesh
 K - a royal jelly
 L - 10 slices of pizza
 M - a beef jerky


   Skills:
 * Level 9.3 Fighting
 + Level 1.9 Short Blades
 * Level 4.6 Maces & Flails
   Level 0.1(0.3) Slings
 - Level 6.9 Crossbows
 + Level 1.0 Throwing
 * Level 8.0 Dodging
 - Level 2.4 Stealth


You had 9 spell levels left.
You didn't know any spells.

Dungeon Overview and Level Annotations

Branches:
Dungeon (8/15)             Temple (0/1) D:6            Lair (0/8) D:8

Altars:
Fedhas
Gozag
Kikubaaqudgha
Makhleb
Ru
Sif Muna

Shops:
D:7 %%

Annotations:
D:8 magog001's ghost, novice MiFi


Innate Abilities, Weirdness & Mutations

You are too large for most types of armour.
You have tough skin (AC +1).
You are partially covered in thin metallic scales (AC +2).
You are agile. (Dex +2)
Your mind is acute. (Int +2)
Armour fits poorly on your strangely shaped body.
You are resistant to hostile enchantments.
You heal very quickly.


Message History

You feel better. Magog001's ghost hits you!
* * * LOW HITPOINT WARNING * * *
Drink which item? (? for menu, Esc to quit)
You feel yourself speed up. Magog001's ghost hits you.
* * * LOW HITPOINT WARNING * * *
You are very lightly contaminated with residual magic.
You hit magog001's ghost but do no damage.
Magog001's ghost is moderately damaged.
You thump magog001's ghost!
Magog001's ghost is moderately damaged.
Magog001's ghost hits you!
* * * LOW HITPOINT WARNING * * *
You hit magog001's ghost.
Magog001's ghost is heavily damaged.
Magog001's ghost hits you!
* * * LOW HITPOINT WARNING * * *
You sock magog001's ghost!
Magog001's ghost is heavily damaged.
Magog001's ghost hits you!
You die...

............. ...
#...# .............
..
#...##..........###
..#...##..........##.
(#...............#..
'...##.... #...##.
#...##....###...##.
#.W.............##.
#.@.............##.
#...######.....####
#...# ##.........##
#...###.......P...#
#..............P...
#............>......
#.....#.........PP..
#.....##..PP....P..#
#.....###.........##


You could see magog001's ghost.

Vanquished Creatures
  An elephant (D:7)
  Joseph (D:6)
  A two-headed ogre (D:8)
  Sigmund (D:5)
  A yak (D:7)
  A hungry ghost (D:7)
  A human (D:7)
  A steam dragon (D:7)
  4 ice beasts
  A necrophage (D:7)
  2 sky beasts (D:8)
  A phantom (D:6)
  A wasp (D:7)
  A black bear (D:8)
  2 centaurs
  2 crocodiles (D:8)
  2 giant frogs
  A wyvern zombie (D:7)
  2 scorpions (D:6)
  A howler monkey (D:6)
  An electric eel (D:7)
  A giant frog zombie (D:5)
  3 crimson imps
  3 hounds
  3 orc wizards
  4 orc priests
  A jelly (D:5)
  2 iguanas
  2 centaur skeletons
  9 worker ants
  3 sheep (D:7)
  A hound skeleton (D:4)
  A mummy (D:7)
  2 worker ant zombies
  A howler monkey skeleton (D:5)
  4 gnolls
  9 adders
  3 oozes
  2 adder skeletons
  A worm (D:2)
  A dart slug (D:2)
  3 giant geckos
  32 orcs
  2 ball pythons
  7 giant cockroaches
  2 goblins
  3 hobgoblins (D:1)
  9 jackals
  3 quokkas
  7 bats
  A giant gecko skeleton (D:7)
  6 giant newts
  A jackal zombie (D:8)
  3 kobolds
  A quokka skeleton (D:6)
  2 rats (D:2)
167 creatures vanquished.

Vanquished Creatures (others)
  A withered plant (D:7)
1 creature vanquished.

Grand Total: 168 creatures vanquished

Notes
Turn   | Place    | Note
--------------------------------------------------------------
     0 | D:1      | magog001 the Ogre Hunter began the quest for the Orb.
     0 | D:1      | Reached XP level 1. HP: 22/22 MP: 1/1
   381 | D:1      | Reached XP level 2. HP: 29/29 MP: 2/2
   755 | D:2      | Reached XP level 3. HP: 30/36 MP: 3/3
  1938 | D:2      | Reached skill level 3 in Fighting
  1938 | D:2      | Reached XP level 4. HP: 45/45 MP: 4/4
  1958 | D:2      | Found a burning altar of Makhleb.
  2452 | D:2      | Gained mutation: You are agile. (Dex +2) [potion of mutation]
  2452 | D:2      | Gained mutation: Your natural rate of healing is unusually fast. [potion of mutation]
  2452 | D:2      | Gained mutation: You heal very quickly. [potion of mutation]
  2455 | D:2      | Gained mutation: Your mind is acute. (Int +2) [potion of mutation]
  2455 | D:2      | Gained mutation: You are partially covered in thin metallic scales (AC +2). [potion of mutation]
  2455 | D:2      | Gained mutation: You are resistant to hostile enchantments. [potion of mutation]
  2570 | D:3      | Reached XP level 5. HP: 40/53 MP: 5/5
  2722 | D:3      | Found an opulent altar of Gozag.
  3395 | D:3      | Reached skill level 1 in Stealth
  3405 | D:3      | Found a blossoming altar of Fedhas.
  3766 | D:4      | Reached skill level 4 in Fighting
  3862 | D:4      | Reached XP level 6. HP: 62/62 MP: 6/6
  4239 | D:5      | Entered Level 5 of the Dungeon
  4283 | D:5      | Reached skill level 1 in Throwing
  4283 | D:5      | Reached XP level 7. HP: 45/71 MP: 7/7
  4452 | D:5      | Reached skill level 1 in Short Blades
  4538 | D:5      | Reached skill level 5 in Fighting
  4672 | D:5      | Reached skill level 5 in Crossbows
  4740 | D:5      | Noticed Sigmund
  5116 | D:5      | Killed Sigmund
  5116 | D:5      | Reached XP level 8. HP: 55/83 MP: 8/8
  5788 | D:5      | Reached skill level 6 in Fighting
  6320 | D:6      | Found a sacrificial altar of Ru.
  6439 | D:6      | Found a staircase to the Ecumenical Temple.
  6538 | D:6      | Reached skill level 5 in Dodging
  6656 | D:6      | Found a deep blue altar of Sif Muna.
  6850 | D:6      | Got a warped flail
  6998 | D:6      | Identified the +7 flail "Tuthral" {drain, *Contam rElec rC+} (You found it on level 6 of the Dungeon)
  7055 | D:6      | Gained mutation: Armour fits poorly on your strangely shaped body. [mutagenic glow]
  7198 | D:7      | Noticed Joseph
  7222 | D:6      | Killed Joseph
  7222 | D:6      | Reached XP level 9. HP: 10/92 MP: 9/9
  7417 | D:7      | Found an ancient bone altar of Kikubaaqudgha.
  7599 | D:7      | Found Luumul's Food Shop.
  7640 | D:7      | Reached skill level 1 in Maces & Flails
  7645 | D:7      | Bought a bread ration for 55 gold pieces
  7645 | D:7      | Bought a bread ration for 55 gold pieces
  7645 | D:7      | Bought a meat ration for 55 gold pieces
  7645 | D:7      | Bought 3 fruits for 49 gold pieces
  7645 | D:7      | Bought a royal jelly for 22 gold pieces
  7645 | D:7      | Bought a slice of pizza for 16 gold pieces
  7738 | D:7      | Reached skill level 7 in Fighting
  7829 | D:7      | Found a blossoming altar of Fedhas.
  7896 | D:7      | Found Haetz's Food Shoppe.
  8011 | D:7      | Reached skill level 8 in Fighting
  8611 | D:8      | Noticed a two-headed ogre
  8615 | D:8      | Killed a two-headed ogre
  8615 | D:8      | Reached XP level 10. HP: 101/106 MP: 10/10
  8618 | D:8      | Noticed an elephant
  8643 | D:7      | Killed an elephant
  8643 | D:7      | Reached skill level 9 in Fighting
  9055 | D:8      | Found a staircase to the Lair.
  9085 | D:8      | Noticed magog001's ghost (novice MiFi)
  9101 | D:8      | HP: 2/107 [magog001's ghost (13)]
  9102 | D:8      | Mangled by magog001's ghost

Skill      XL: |  1  2  3  4  5  6  7  8  9 10 |
---------------+-------------------------------+-----
Crossbows      | 3 4 5 6 |  6.9
Fighting       | 3 4 5 6 8 9 |  9.3
Dodging        | 2 3 4 5 7 8 |  8.0
Stealth        | 1 2 |  2.4
Throwing       | 1 |  1.0
Short Blades   | 1 |  1.9
Maces & Flails | 4 |  4.6
Slings         | |  0.1

Action                   |  1- 3 |  4- 6 |  7- 9 | 10-12 || total
-------------------------+-------+-------+-------+-------++-------
Melee: Short sword       |    16 |    82 |       |       ||    98
       Dagger            |       |    62 |   290 |       ||   352
       Flail             |       |       |    87 |    59 ||   146
 Fire: Hand crossbow     |    85 |    34 |   104 |     2 ||   225
       Hunting sling     |       |     3 |       |       ||     3
Throw: Tomahawk          |     4 |    16 |     3 |     3 ||    26
Evoke: Wand              |       |     1 |     1 |       ||     2
  Use: Scroll            |       |    14 |     8 |       ||    22
       Potion            |       |     4 |     5 |     3 ||    12
 Stab: Sleeping          |       |       |     7 |       ||     7
  Eat: Chunk             |     2 |     5 |    12 |     2 ||    21
       Beef jerky        |     1 |       |     1 |       ||     2
       Royal jelly       |       |     1 |       |       ||     1
       Meat ration       |       |       |     1 |       ||     1
       Bread ration      |       |       |     1 |       ||     1
Armor: Robe              |    24 |    59 |   159 |    24 ||   266
Dodge: Dodged            |    50 |   104 |   260 |    44 ||   458
